Cogmind - Beta 9.2 @@@ ROGUE MODE // 2019.12.07 @ 01:05:56 Player: Suslik Result: Self-destructed Performance ------------- Evolutions (4) 2000 Regions Visited (12) 2400 Robots Destroyed (156) 780 Value Destroyed (5610) 5610 Prototype IDs (29) 580 Alien Tech Used (0) 0 Bonus (1607) 1607 TOTAL SCORE: 12977 Bonus ------- High Alert Combat Kills 164 Follower Combat Kills 228 Entered Garrisons 400 Used RIF Installer 1000 Aligned with FarCom 300 Friendly Fire -485 Cogmind --------- Core Integrity 850/850 Matter 500/500 Energy 160/160 System Corruption 0% Temperature Cool (0) Movement Treading (200) Ox2 Location -6/Factory Parts ------- > --- POWER (1) -------- Light Nuclear Core > --- PROPULSION (2) --- Light Treads Light Treads > --- UTILITY (10) ----- Large Storage Unit Large Storage Unit Large Storage Unit High-capacity Storage Unit High-capacity Matter Pod > --- WEAPON (2) ------- Katana > --- INVENTORY (30) --- Light Treads Light Treads Light Treads Large Storage Unit Long-range Sensor Array Relay Coupler [NC] (31) Relay Coupler [NC] (27) Relay Coupler [Swarmer] (31) Relay Coupler [Grunt] (31) Relay Coupler [Duelist] (27) Relay Coupler [Sentry] (25) Relay Coupler [Sentry] (20) Relay Coupler [Hunter] (17) Relay Coupler [Hunter] (18) Relay Coupler [Hunter] (16) Relay Coupler [Hunter] (14) Gauss Rifle Gauss Cannon Gauss Cannon Slug Cannon Shock Bomb Launcher Rocket Launcher Mini Grenade Launcher Datajack Datajack Scythe Deploy-a-Sentry Deploy-a-Sentry Deploy-a-Sentry Peak State ------------ > --- POWER ------------ Improved Ion Engine > --- PROPULSION ------- Light Treads Light Treads > --- UTILITY ---------- Large Storage Unit Large Storage Unit Large Storage Unit High-capacity Storage Unit Relay Coupler [Sentry] Relay Coupler [Hunter] > --- WEAPON ----------- Gauss Rifle Katana > --- INVENTORY -------- Light Nuclear Core Light Treads Light Treads Light Treads Light Treads Large Storage Unit High-capacity Matter Pod Long-range Sensor Array Light Armor Plating Light Armor Plating Light Armor Plating Hardened Light Armor Plating Relay Coupler [NC] Relay Coupler [Sentry] Relay Coupler [Sentry] Relay Coupler [Hunter] Relay Coupler [Hunter] Gauss Cannon Gauss Cannon Gauss Cannon Slug Cannon Shock Bomb Launcher Rocket Launcher Mini Grenade Launcher Datajack Datajack Scythe Deploy-a-Sentry Deploy-a-Sentry Deploy-a-Sentry [Rating: 32] Favorites ----------- Power Improved Ion Engine Engine Improved Ion Engine Power Core Light Nuclear Core Propulsion Light Treads Treads Light Treads Leg Aluminum Leg Wheel Armored Wheel Utility Large Storage Unit Storage Large Storage Unit Hackware Relay Coupler [Sentry] Protection Hardened Light Armor Plating Weapon Gauss Cannon Energy Gun Precision Beam Rifle Energy Cannon Light EM Pulse Cannon Ballistic Gun Heavy Assault Rifle Ballistic Cannon Gauss Cannon Launcher Shock Bomb Launcher Slashing Weapon Katana Special Melee Weapon Datajack Build | -11 -10 -10 -9 -9 -9 -8 -8 -8 -8 -8 -8 -6 ------- Run | Scr Mat Min Mat Min Exi Min Mat Gar Sto Gar Rec Fac Slots Evolved 8 | . . . 2 . . . 2 . . . . 4 Power . | . . . . . . . . . . . . . Propulsion . | . . . . . . . . . . . . . Utility 8 | . . . 2 . . . 2 . . . . 4 Weapon . | . . . . . . . . . . . . . Parts Attached 155 | 3 6 7 30 12 . 9 17 21 12 34 4 . Power 10 | . 1 2 1 2 . 1 . 1 . 1 1 . Engine 8 | . 1 2 1 2 . 1 . 1 . . . . Core 2 | . . . . . . . . . . 1 1 . Reactor . | . . . . . . . . . . . . . Propulsion 23 | 2 1 2 6 2 . 1 2 4 2 1 . . Treads 20 | 2 1 . 6 2 . 1 1 4 2 1 . . Leg . | . . . . . . . . . . . . . Wheel 3 | . . 2 . . . . 1 . . . . . Hover . | . . . . . . . . . . . . . Flight . | . . . . . . . . . . . . . Utility 38 | 1 3 . 5 1 . . 7 4 5 12 . . Device . | . . . . . . . . . . . . . Storage 9 | 1 3 . 1 . . . 3 . . 1 . . Processor . | . . . . . . . . . . . . . Hackware 9 | . . . . . . . . 2 3 4 . . Protection 20 | . . . 4 1 . . 4 2 2 7 . . Artifact . | . . . . . . . . . . . . . Weapon 84 | . 1 3 18 7 . 7 8 12 5 20 3 . Energy Gun 8 | . . 2 4 1 . . 1 . . . . . Energy Cannon 3 | . . . 2 1 . . . . . . . . Ballistic Gun 14 | . . . 2 2 . 3 4 2 1 . . . Ballistic Cannon 17 | . 1 1 2 1 . 2 . 1 1 8 . . Launcher 13 | . . . 1 1 . 2 . 5 . 2 2 . Special Weapon . | . . . . . . . . . . . . . Impact Weapon . | . . . . . . . . . . . . . Slashing Weapon 19 | . . . 7 1 . . 3 2 1 4 1 . Piercing Weapon . | . . . . . . . . . . . . . Special Melee Weapon 10 | . . . . . . . . 2 2 6 . . Unidentified Prototypes 3 | . . . 1 . . . 2 . . . . . Parts Lost 35 | . 2 5 3 7 . 4 4 . 1 7 2 . Power 7 | . 1 1 . 2 . 1 . . . 1 1 . Propulsion 7 | . . 1 . 2 . 1 1 . 1 1 . . Utility 9 | . . . 1 1 . . 2 . . 5 . . Weapon 12 | . 1 3 2 2 . 2 1 . . . 1 . Highest Loss Streak 4 | . 1 2 1 4 . 4 2 . 1 3 2 . Average Slot Usage (%) 98 | . 99 99 98 99 100 99 97 99 99 96 86 . Engine 9 | . 14 13 11 10 11 11 9 9 9 . . . Core 1 | . . . . . . . . . . 8 8 . Treads 19 | . 28 2 16 21 22 22 16 18 18 18 18 . Wheel 2 | . . 25 5 . . . 1 . . . . . Storage 33 | . 28 28 32 33 33 33 31 36 36 37 45 . Protection 10 | . . . 10 10 11 11 21 16 14 11 . . Energy Gun 3 | . 7 12 9 . . . 2 4 . . . . Ballistic Gun 8 | . 14 1 1 15 22 15 11 4 3 . . . Ballistic Cannon 6 | . 6 14 5 6 . 5 1 2 7 12 5 . Launcher 1 | . . . . . . . . 4 . . 4 . Slashing Weapon 1 | . . . 2 . . . 2 1 3 3 4 . Naked Turns . | . . . . . . . . . . . . . Heaviest Build 109 | 14 58 58 80 80 80 87 103 105 109 107 103 . Greatest Support 43 | 40 40 40 40 40 40 43 43 43 43 40 40 . Greatest Overweight (x) 7 | . 1 4 6 1 1 2 7 2 2 2 2 . Average Overweight (x) 1 | . . 1 1 1 1 1 2 2 2 2 2 . Largest Inventory Capacity 30 | 8 18 18 24 24 24 24 30 30 30 30 30 . Average Capacity 24 | 7 14 18 23 24 24 24 26 30 30 30 30 . Most Carried 30 | 6 18 18 24 24 24 24 30 30 30 30 30 . Average Carried 23 | 5 12 16 22 20 23 23 25 29 29 28 29 . Final Capacity 30 | 8 18 18 24 24 24 24 30 30 30 30 30 30 Final Carried 30 | 4 18 16 24 22 24 24 29 30 30 30 29 29 Class Distribution -------------------- 51% | Hauler-Mutant 28% | Bothacker-Mutant 20% | Mutant Dominant Class ---------------- Mutant | -10/Materials Mutant | -10/Mines Hauler-Mutant | -9/Materials Hauler-Mutant | -9/Mines Hauler-Mutant | -9/Exiles Hauler-Mutant | -8/Mines Hauler-Mutant | -8/Materials Hauler-Mutant | -8/Garrison Bothacker-Mutant | -8/Storage Bothacker-Mutant | -8/Garrison Bothacker-Mutant | -8/Recycling Bothacker-Mutant | -6/Factory Resources | -11 -10 -10 -9 -9 -9 -8 -8 -8 -8 -8 -8 -6 ----------- Run | Scr Mat Min Mat Min Exi Min Mat Gar Sto Gar Rec Fac Matter Collected 3777 | 248 509 215 428 449 . 208 413 439 85 656 127 . Remotely . | . . . . . . . . . . . . . Salvage Created 5076 | 75 707 240 793 612 . 113 881 871 . 533 251 . Parts 308 | 1 47 26 47 39 . 28 44 41 . 20 15 . Haulers Intercepted 5 | . 2 . 1 . . . 2 . . . . . Recyclers Shooed 3 | . 1 . . . . . 2 . . . . . Parts Field Recycled . | . . . . . . . . . . . . . Retrieved Matter . | . . . . . . . . . . . . . Parts Self-Destructed . | . . . . . . . . . . . . . Prevented . | . . . . . . . . . . . . . Kills | -11 -10 -10 -9 -9 -9 -8 -8 -8 -8 -8 -8 -6 ------- Run | Scr Mat Min Mat Min Exi Min Mat Gar Sto Gar Rec Fac Combat Hostiles Destroyed 129 | . 15 8 16 21 . 10 17 24 . 14 4 . Melee 13 | . . . . . . . 6 . . 6 1 . Guns 54 | . 12 5 6 18 . . 11 2 . . . . Cannons 21 | . 3 3 7 . . 2 . . . 6 . . AOE 37 | . . . 2 3 . 8 . 19 . 2 3 . Classes Destroyed 15 | 1 6 1 2 1 . 2 . 1 . . 1 . Worker 5 | . 1 3 . . . 1 . . . . . . Builder 2 | . . . . . . 1 1 . . . . . Tunneler 2 | . . 1 1 . . . . . . . . . Hauler 5 | . 2 . 1 . . . 2 . . . . . Recycler 4 | 1 1 1 . . . . . . . . 1 . Operator 2 | . 2 . . . . . . . . . . . Drone 4 | . . . . . . . . . . . 4 . Watcher 4 | . 2 . 1 . . . . . . 1 . . Swarmer 42 | . 6 8 . 6 . 8 2 10 . 2 . . Grunt 66 | . 9 . 9 14 . . 9 11 . 13 1 . Brawler 2 | . . . . . . . . 2 . . . . Duelist 4 | . . . 1 . . . 1 1 . . 1 . Sentry 11 | . . . 6 . . . 5 . . . . . Hunter 2 | . . . . . . 2 . . . . . . Assembled 1 | . . . . 1 . . . . . . . . Best Kill Streak 9 | 1 6 4 4 4 . 5 5 9 . 3 2 . Combat Bots Only 9 | . 5 3 4 4 . 4 4 9 . 3 2 . Max Kills in Single Turn 4 | 1 1 2 1 2 . 2 1 4 . 1 2 . Gunslinging . | . . . . . . . . . . . . . Exploded 4 | . . . 1 2 . 2 . 4 . 1 1 . Melee 1 | . . . . . . . 1 . . 1 1 . Uniques/NPCs Destroyed . | . . . . . . . . . . . . . Combat | -11 -10 -10 -9 -9 -9 -8 -8 -8 -8 -8 -8 -6 -------- Run | Scr Mat Min Mat Min Exi Min Mat Gar Sto Gar Rec Fac Damage Taken 6000 | . 610 353 818 1061 . 475 799 456 130 946 352 . Core 851 | . 109 64 106 156 . 116 85 69 27 119 . . Absorbed by Shields 105 | . . . . . . . . 26 . 79 . . Core Remaining (%) 45 | 100 . 30 . . . 5 . . . . 45 . Volleys Fired 345 | 6 67 27 48 54 . 19 36 43 . 35 10 . Largest 2 | 2 2 2 2 2 . 2 2 2 . 2 1 . Hottest 96 | 60 60 85 96 79 . 76 86 89 . 96 36 . Shots Fired 601 | 11 131 53 85 104 . 29 72 47 . 59 10 . Gun 372 | 11 109 25 49 82 . 15 69 12 . . . . Cannon 162 | . 22 28 35 20 . 6 3 . . 48 . . Launcher 67 | . . . 1 2 . 8 . 35 . 11 10 . Special . | . . . . . . . . . . . . . Kinetic 400 | 6 89 33 32 98 . 21 68 5 . 48 . . Thermal 74 | 5 42 16 . . . . 4 7 . . . . Explosive 24 | . . . 1 2 . 8 . 6 . 7 . . Electromagnetic 103 | . . 4 52 4 . . . 29 . 4 10 . Robot Hit Streak 20 | 2 18 8 13 20 . 11 12 10 . 5 1 . Robot Miss Streak 7 | 1 4 7 3 2 . 1 2 3 . 3 3 . Penetration Max . | . . . . . . . . . . . . . Secondary Targets . | . . . . . . . . . . . . . Shots Hit Robots 446 | 7 89 29 63 75 . 17 73 21 13 57 2 . Core Hits 242 | 2 36 13 31 36 . 18 32 36 . 24 14 . Critical Hits 7 | . . . . 2 . . 1 . . 4 . . Critical Kills 1 | . . . . 1 . . . . . . . . Critical Parts Destroyed 5 | . . . . 1 . . . . . 4 . . Melee Attacks 134 | . . . 19 1 . . 39 10 20 37 8 . Impact . | . . . . . . . . . . . . . Slashing 100 | . . . 19 1 . . 39 5 7 21 8 . Piercing . | . . . . . . . . . . . . . Sneak Attacks 29 | . . . 1 . . . . 2 10 16 . . Combat Hostiles 13 | . . . . . . . . . . 13 . . Follow-up Attacks . | . . . . . . . . . . . . . Damage Inflicted 11134 | 78 1170 450 1406 1320 . 745 1595 1499 8 2410 453 . Guns 3954 | 78 963 215 563 910 . 180 959 86 . . . . Cannons 1692 | . 136 198 406 146 . 79 24 . . 703 . . Explosions 3283 | . . 20 345 202 . 475 . 1413 . 507 321 . Melee 1975 | . . . 84 . . . 583 . . 1200 108 . Ramming 230 | . 71 17 8 62 . 11 29 . 8 . 24 . Kinetic 4334 | 46 748 234 373 1019 . 259 917 35 . 703 . . Thermal 740 | 32 351 147 93 . . . 66 51 . . . . Explosive 1673 | . . . 166 202 . 475 . 444 . 386 . . Electromagnetic 2182 | . . 52 682 37 . . . 969 . 121 321 . Impact . | . . . . . . . . . . . . . Slashing 1975 | . . . 84 . . . 583 . . 1200 108 . Piercing . | . . . . . . . . . . . . . Highest Corruption 5 | . . 5 . . . . . . . . 5 . Average Corruption 5 | . . 5 . . . . . . . . 5 . Corruption Purged . | . . . . . . . . . . . . . Effects 16 | . . 15 . . . . . . . . 1 . Message Errors 2 | . . 2 . . . . . . . . . . Matter Fused 7 | . . 7 . . . . . . . . . . Heat Flow Errors 2 | . . 2 . . . . . . . . . . Energy Discharges 2 | . . 1 . . . . . . . . 1 . Data Loss (major) 1 | . . 1 . . . . . . . . . . Targeting Errors 1 | . . 1 . . . . . . . . . . Weapon Failures 1 | . . 1 . . . . . . . . . . Overload Shots . | . . . . . . . . . . . . . Overflow Damage 203 | . 4 10 10 8 . 28 22 . . 113 8 . Projectiles 11 | . . 10 1 . . . . . . . . . Explosions 57 | . . . 9 8 . 28 . . . 4 8 . Melee 135 | . 4 . . . . . 22 . . 109 . . Knockbacks 20 | . 2 2 3 . . . . . . 13 . . Impact 2 | . 2 . . . . . . . . . . . Kinetic 17 | . . 2 3 . . . . . . 12 . . Secondary 1 | . . . . . . . . . . 1 . . Self-Inflicted Damage 292 | . . 38 14 46 . 23 . 64 . 57 50 . Shots 16 | . . 1 1 2 . 1 . 5 . 2 4 . Rammed 33 | . 11 2 1 8 . 1 5 . 1 . 4 . Targets Rammed 35 | . 12 2 1 8 . 1 6 . 1 . 4 . Kicked . | . . . . . . . . . . . . . Crushed 2 | . 1 . . . . . 1 . . . . . Highest Temperature 315 | . 48 230 315 96 . 61 194 108 . 301 . . Average Temperature 54 | . 16 63 82 27 . 25 56 20 . 88 . . Received Heat Transfer 1880 | . 219 9 387 288 . 18 351 135 81 392 . . Effects 2 | . . . 2 . . . . . . . . . Energy Bleed 1 | . . . 1 . . . . . . . . . Damage (minor) 1 | . . . 1 . . . . . . . . . Siege Activations . | . . . . . . . . . . . . . Robots Corrupted 4 | . . . 1 . . . . 3 . . . . Combat Hostiles 4 | . . . 1 . . . . 3 . . . . Parts Fried 5 | . 1 . 2 . . . . 2 . . . . Impact Corruptions 1 | . 1 . . . . . . . . . . . Robots Melted . | . . . . . . . . . . . . . Combat Hostiles . | . . . . . . . . . . . . . Parts Melted . | . . . . . . . . . . . . . Heat Transferred 1704 | 75 800 420 150 . . . 148 111 . . . . Parts Sabotaged . | . . . . . . . . . . . . . Parts Stolen . | . . . . . . . . . . . . . Parts Stripped . | . . . . . . . . . . . . . Power Chain Reactions 5 | . . 1 2 . . . . 1 . . 1 . Missiles Intercepted . | . . . . . . . . . . . . . Alert | -11 -10 -10 -9 -9 -9 -8 -8 -8 -8 -8 -8 -6 ------- Run | Scr Mat Min Mat Min Exi Min Mat Gar Sto Gar Rec Fac Peak Influence 989 | 5 230 185 406 186 . 233 241 989 529 573 271 . Average Influence 247 | 4 101 70 197 78 . 66 118 680 377 332 221 . Maximum Alert Level 3 | . 1 . 2 . . 1 1 3 2 2 1 . Low Security (%) 61 | 100 93 100 45 100 . 96 82 14 . 27 28 . Level 1 17 | . 6 . 51 . . 3 17 7 45 33 71 . Level 2 10 | . . . 2 . . . . 15 55 39 . . Level 3 10 | . . . . . . . . 61 . . . . Level 4 . | . . . . . . . . . . . . . Level 5 . | . . . . . . . . . . . . . High Security . | . . . . . . . . . . . . . Max Security . | . . . . . . . . . . . . . Squads Dispatched 11 | . 4 . 4 . . . 2 . 1 . . . Investigation 4 | . 1 . 2 . . . 1 . . . . . Extermination . | . . . . . . . . . . . . . Reinforcement 6 | . 3 . 2 . . . . . 1 . . . Assault . | . . . . . . . . . . . . . Garrison 1 | . . . . . . . 1 . . . . . Intercept . | . . . . . . . . . . . . . Construction Impeded . | . . . . . . . . . . . . . Haulers Reinforced . | . . . . . . . . . . . . . Stealth | -11 -10 -10 -9 -9 -9 -8 -8 -8 -8 -8 -8 -6 --------- Run | Scr Mat Min Mat Min Exi Min Mat Gar Sto Gar Rec Fac Distress Signals 7 | . 1 . 3 1 . . 2 . . . . . Communications Jammed . | . . . . . . . . . . . . . Distress Signals . | . . . . . . . . . . . . . Times Spotted 212 | . 33 9 32 25 . 11 29 28 4 29 12 . Peak Tracking Total 10 | . 4 3 5 4 . 4 10 6 2 6 4 . Tactical Retreats 25 | . 6 . 2 3 . . 4 3 1 6 . . Traps | -11 -10 -10 -9 -9 -9 -8 -8 -8 -8 -8 -8 -6 ------- Run | Scr Mat Min Mat Min Exi Min Mat Gar Sto Gar Rec Fac Traps Triggered 28 | . 2 . . . . . . 15 . 11 . . Indirectly 5 | . . . . . . . . 4 . 1 . . Trap Hack Attempts . | . . . . . . . . . . . . . Triggered . | . . . . . . . . . . . . . Disarmed . | . . . . . . . . . . . . . Reprogrammed . | . . . . . . . . . . . . . Reused . | . . . . . . . . . . . . . Traps Extracted . | . . . . . . . . . . . . . Installed . | . . . . . . . . . . . . . Triggered . | . . . . . . . . . . . . . Machines | -11 -10 -10 -9 -9 -9 -8 -8 -8 -8 -8 -8 -6 ---------- Run | Scr Mat Min Mat Min Exi Min Mat Gar Sto Gar Rec Fac Machines Disabled 17 | . . . 2 . . 1 1 5 1 4 3 . Max in Single Turn 1 | . . . 1 . . 1 1 1 . 1 1 . Garrison Relay 7 | . . . . . . . . 3 . 4 . . Machines Sabotaged . | . . . . . . . . . . . . . Garrisons Compromised . | . . . . . . . . . . . . . Overloaded Fab Kills . | . . . . . . . . . . . . . Fab Network Shutdowns . | . . . . . . . . . . . . . Hacking | -11 -10 -10 -9 -9 -9 -8 -8 -8 -8 -8 -8 -6 --------- Run | Scr Mat Min Mat Min Exi Min Mat Gar Sto Gar Rec Fac Machines Accessed 25 | . 4 1 8 1 2 1 3 . 2 . 3 . Terminals 15 | . 3 1 6 . . 1 1 . . . 3 . Fabricators . | . . . . . . . . . . . . . Repair Stations 1 | . . . . . . . . . 1 . . . Recycling Units 2 | . 1 . 1 . . . . . . . . . Scanalyzers 2 | . . . 1 . . . 1 . . . . . Garrison Access 2 | . . . . . . . 1 . 1 . . . Total Hacks 58 | . 12 2 22 1 2 2 6 . 3 . 8 . Successful 33 | . 5 1 12 1 2 1 4 . 3 . 4 . Failed 25 | . 7 1 10 . . 1 2 . . . 4 . Catastrophic 7 | . 2 . 3 . . . 1 . . . 1 . Database Lockouts . | . . . . . . . . . . . . . Manual 30 | . 6 2 15 . 1 . . . . . 6 . Terminals 42 | . 11 2 17 . . 2 2 . . . 8 . Fabricators . | . . . . . . . . . . . . . Repair Stations 2 | . . . . . . . . . 2 . . . Recycling Units 2 | . 1 . 1 . . . . . . . . . Scanalyzers 7 | . . . 4 . . . 3 . . . . . Garrison Access 2 | . . . . . . . 1 . 1 . . . Terminal Hacks 18 | . 4 . 6 1 2 1 . . . . 4 . Record 1 | . . . . . 1 . . . . . . . Prototype ID Bank 2 | . 1 . . . . . . . . . 1 . Open Door 1 | . . . . 1 . . . . . . . . Terminal Index 2 | . . . 1 . . . . . . . 1 . Unreport Threat 2 | . . . 1 . . . . . . . 1 . Recall Reinforcements 1 | . 1 . . . . . . . . . . . Hauler Manifests 4 | . 1 . 2 . . . . . . . 1 . Zone Layout 4 | . 1 . 2 . . 1 . . . . . . EX-Prototype ID Bank 1 | . . . . . 1 . . . . . . . Fabricator Hacks . | . . . . . . . . . . . . . Repair Station Hacks 2 | . . . . . . . . . 2 . . . Scan Component 1 | . . . . . . . . . 1 . . . Repair 1 | . . . . . . . . . 1 . . . Recycling Unit Hacks . | . . . . . . . . . . . . . Scanalyzer 7 | . . . 4 . . . 3 . . . . . Insert Component 3 | . . . 2 . . . 1 . . . . . Analyze 4 | . . . 2 . . . 2 . . . . . Garrison Access Hacks 2 | . . . . . . . 1 . 1 . . . Unlock Access 2 | . . . . . . . 1 . 1 . . . Unauthorized Hacks 9 | . 2 3 4 . . . . . . . . . Terminals 2 | . . 1 1 . . . . . . . . . Track 2 | . . 1 1 . . . . . . . . . Fabricators . | . . . . . . . . . . . . . Repair Stations . | . . . . . . . . . . . . . Recycling Units 2 | . 1 . 1 . . . . . . . . . Tunnel 2 | . 1 . 1 . . . . . . . . . Scanalyzers . | . . . . . . . . . . . . . Garrison Access . | . . . . . . . . . . . . . Data Cores Recovered . | . . . . . . . . . . . . . Used . | . . . . . . . . . . . . . Hacking Detections 14 | . 3 1 4 . . 1 2 . . . 3 . Full Trace Events 2 | . 1 . . . . . 1 . . . . . Feedback Events . | . . . . . . . . . . . . . Feedback Blocked . | . . . . . . . . . . . . . Robot Schematics Acquired . | . . . . . . . . . . . . . Robots Built . | . . . . . . . . . . . . . Matter . | . . . . . . . . . . . . . Time . | . . . . . . . . . . . . . Total Robot Build Rating . | . . . . . . . . . . . . . Part Schematics Acquired 3 | . . . 2 . . . 1 . . . . . Parts Built . | . . . . . . . . . . . . . Matter . | . . . . . . . . . . . . . Time . | . . . . . . . . . . . . . Total Part Build Rating . | . . . . . . . . . . . . . Parts Repaired 1 | . . . . . . . . . 1 . . . Time 38 | . . . . . . . . . 38 . . . Parts Recycled . | . . . . . . . . . . . . . Recycled Matter . | . . . . . . . . . . . . . Retrieved Matter . | . . . . . . . . . . . . . Retrieved Components . | . . . . . . . . . . . . . Parts Scanalyzed 3 | . . . 2 . . . 1 . . . . . Part Schematics Acquired 3 | . . . 2 . . . 1 . . . . . Parts Damaged . | . . . . . . . . . . . . . Bothacking | -11 -10 -10 -9 -9 -9 -8 -8 -8 -8 -8 -8 -6 ------------ Run | Scr Mat Min Mat Min Exi Min Mat Gar Sto Gar Rec Fac Used RIF Installer 2 | . . . . . . . . 1 . 1 . . Structural Interface 1 | . . . . . . . . . . 1 . . Robots Hacked 20 | . . . . . . . . 3 5 12 . . Non-combat 3 | . . . . . . . . . 3 . . . Combat 17 | . . . . . . . . 3 2 12 . . Robot Hacks Applied 24 | . . . . . . . . 3 9 12 . . find_recycling 1 | . . . . . . . . . 1 . . . ignore_parts 2 | . . . . . . . . . 2 . . . purge_threat 2 | . . . . . . . . . 2 . . . locate_traps 1 | . . . . . . . . . 1 . . . find_garrison 1 | . . . . . . . . . 1 . . . wipe_record 1 | . . . . . . . . . . 1 . . reboot_system 5 | . . . . . . . . . . 5 . . streamctrl_high 2 | . . . . . . . . 1 . 1 . . formatsys_high 9 | . . . . . . . . 2 2 5 . . Relay Couplers Released 28 | . . . . . . . . 12 . 16 . . Machine Destruction 28 | . . . . . . . . 12 . 16 . . Attached 9 | . . . . . . . . 2 3 4 . . Robots Rewired 12 | . . . . . . . . 6 . 6 . . Allies Hacked . | . . . . . . . . . . . . . Hacks Repelled . | . . . . . . . . . . . . . Allies | -11 -10 -10 -9 -9 -9 -8 -8 -8 -8 -8 -8 -6 -------- Run | Scr Mat Min Mat Min Exi Min Mat Gar Sto Gar Rec Fac Total Allies 25 | . . 2 . . . . . 9 2 12 . . Largest Group 8 | . . 2 2 . . . . 8 8 6 6 . Highest-Rated Group 108 | . . 53 53 . . . . 108 108 102 102 . Highest-Rated Ally 31 | . . 31 31 . . . . 21 21 29 18 . Total Orders 5 | . . . . . . . . 2 2 . 1 . STAY 1 | . . . . . . . . . 1 . . . GOTO 1 | . . . . . . . . 1 . . . . FOLLOW 3 | . . . . . . . . 1 1 . 1 . Ally Attacks 143 | . . 10 19 . . . . 3 30 24 57 . Total Damage 1791 | . . 84 273 . . . . 90 457 287 600 . Kills 23 | . . 1 4 . . . . 1 3 3 11 . Allies Corrupted . | . . . . . . . . . . . . . Allies Melted . | . . . . . . . . . . . . . Intel | -11 -10 -10 -9 -9 -9 -8 -8 -8 -8 -8 -8 -6 ------- Run | Scr Mat Min Mat Min Exi Min Mat Gar Sto Gar Rec Fac Robot Analysis Total . | . . . . . . . . . . . . . Derelict Logs Recovered 4 | . . 2 . 2 . . . . . . . . Drone Launches . | . . . . . . . . . . . . . Drone Recoveries . | . . . . . . . . . . . . . Exploration | -11 -10 -10 -9 -9 -9 -8 -8 -8 -8 -8 -8 -6 ------------- Run | Scr Mat Min Mat Min Exi Min Mat Gar Sto Gar Rec Fac Turns Passed 11262 | 76 1452 710 832 1482 639 927 984 1767 320 1653 420 . Spaces Moved 4962 | 38 682 531 360 545 354 444 324 743 105 665 171 . Core . | . . . . . . . . . . . . . Treads 4300 | 23 682 19 237 545 354 444 312 743 105 665 171 . Legs 15 | 15 . . . . . . . . . . . . Wheels 647 | . . 512 123 . . . 12 . . . . . Hover . | . . . . . . . . . . . . . Flight . | . . . . . . . . . . . . . Fastest Speed 110 | 120 160 110 110 180 180 180 160 200 200 200 200 . Average Speed 179 | 144 174 112 158 180 180 192 204 200 200 200 200 . Slowest Speed 240 | 160 180 180 180 180 180 200 240 200 200 200 200 . Overloaded Moves . | . . . . . . . . . . . . . Propulsion Burnouts . | . . . . . . . . . . . . . Robots Hopped . | . . . . . . . . . . . . . Cave-ins Triggered 1 | . . . . . . . . . . . 1 . Exploration Rate (%) 63 | 4 93 99 46 95 71 92 34 66 21 93 51 . Regions Visited 12 Branch Regions 6 Pre-discovered Areas 3 | . 1 . 1 . 1 . . . . . . . Known Exits Taken 3 | . . . 1 . . . 1 . 1 . . . Unknown Exits Taken 7 | 1 1 1 . 1 1 1 . . . . 1 . Scrap Searched 4 | . . 1 . 2 . 1 . . . . . . Spaces Dug 92 | . . . 26 25 . 4 17 5 7 1 7 . Terrain Destroyed 229 | . . 4 32 25 . 57 19 55 7 23 7 . Melee 52 | . . . 18 . . . 17 2 7 1 7 . Projectile 4 | . . . . . . 1 2 . . 1 . . AOE 173 | . . 4 14 25 . 56 . 53 . 21 . . Actions | -11 -10 -10 -9 -9 -9 -8 -8 -8 -8 -8 -8 -6 --------- Run | Scr Mat Min Mat Min Exi Min Mat Gar Sto Gar Rec Fac Total 6496 | 48 811 587 508 933 357 487 511 971 188 873 222 . Wait 540 | . 10 17 12 306 . 7 68 18 46 30 26 . Move 4950 | 37 681 530 359 544 353 443 324 742 104 664 169 . Hop . | . . . . . . . . . . . . . Pick Up 104 | . 24 2 17 6 3 6 13 20 2 11 . . Fast Attach 17 | 1 1 2 5 1 . . 2 3 2 . . . Attach 44 | . 2 4 4 8 . 5 6 3 1 10 1 . Detach 13 | . . 1 3 1 . . 2 1 2 3 . . Swap 95 | 2 3 1 22 3 . 4 9 15 9 24 3 . Drop 64 | 2 11 1 16 1 1 2 6 22 1 1 . . Fire 345 | 6 67 27 48 54 . 19 36 43 . 35 10 . Melee 134 | . . . 19 1 . . 39 10 20 37 8 . Ram 2 | . . 1 . . . . 1 . . . . . Kick . | . . . . . . . . . . . . . Crush 33 | . 12 1 1 8 . 1 5 . 1 . 4 . Escape Stasis 43 | . . . . . . . . 24 . 18 1 . Rewire 112 | . . . 2 . . . . 70 . 40 . . Trap . | . . . . . . . . . . . . . Miscellaneous . | . . . . . . . . . . . . . Route ------- -11/Scrapyard -10/Materials (discovered 5 exits: *Mat x3 / *Min x2) -10/Mines (discovered 2 exits: *Mat x2) -9/Materials (discovered 3 exits: *Mat / *Min x2) -9/Mines (discovered 3 exits: *Mat x2 / *Exi) -9/Exiles -8/Mines (discovered 2 exits: *Mat x2) -8/Materials (discovered 3 exits: *Sto x2 / Gar) -8/Garrison (discovered 2 exits: *Sto x2) -8/Storage -8/Garrison (discovered 3 exits: *Rec x3) -8/Recycling -6/Factory History --------- Turn | Location | Event 18 | -11/Scrapyard | Discovered new exit (range 3) 77 | -11/Scrapyard | Entered Materials 301 | -10/Materials | Discovered new exit (range 8) 307 | -10/Materials | Build established: Mutant 398 | -10/Materials | Discovered new exit (range 15) 739 | -10/Materials | Discovered new exit (range 5) 1254 | -10/Materials | Discovered new exit (range 15) 1490 | -10/Materials | Discovered new exit (range 16) 1529 | -10/Materials | Entered Mines 1575 | -10/Mines | Core integrity fell below 50% 1696 | -10/Mines | Learned location of 1 exit from Materials 1881 | -10/Mines | Discovered new exit (range 5) 1953 | -10/Mines | Learned Materials machine intel 1958 | -10/Mines | A weapon hastily lodged in a ceiling crevice suddenly fell to the ground 1973 | -10/Mines | Discovered new exit (range 10) 2239 | -10/Mines | Entered Materials 2239 | -9/Materials | Accompanied by 2 allies 2239 | -9/Materials | Evolved 2 slots: Utility x2 2240 | -9/Materials | Identified exit to Mines 2241 | -9/Materials | Loaded intel: 50 machine locations 2244 | -9/Materials | Led the pair of lost Derelicts to an unsafe place 2579 | -9/Materials | Build established: Hauler-Mutant 2641 | -9/Materials | Discovered new exit (range 18) 3023 | -9/Materials | Discovered exit to Mines (range 8) 3071 | -9/Materials | Entered Mines 3127 | -9/Mines | Learned 2 Materials zone layouts 3402 | -9/Mines | Lost 4 parts (1n1u2w) 3420 | -9/Mines | Discovered new exit (range 13) 3745 | -9/Mines | Excavation squad dispatched 3745 | -9/Mines | A large section of the Mines collapsed 3995 | -9/Mines | Excavation squad dispatched 4125 | -9/Mines | Core integrity fell below 50% 4333 | -9/Mines | Met a Derelict who couldn't figure out how to use a Trap Extractor 4391 | -9/Mines | Learned Materials trap positions 4497 | -9/Mines | Discovered new exit (range 12) 4544 | -9/Mines | Deemed a non-threat by the Exiles lab entrance 4545 | -9/Mines | Discovered new exit (range 5) 4553 | -9/Mines | Entered Exiles 4602 | -9/Exiles | Met 8R-AWN 4627 | -9/Exiles | Met EX-HEX 4679 | -9/Exiles | Met EX-BIN 4768 | -9/Exiles | Aligned with FarCom system 4769 | -9/Exiles | Given EX-Vault access code 4811 | -9/Exiles | Opened EX-Vault 4823 | -9/Exiles | Found Deploy-a-Sentry 4826 | -9/Exiles | Found Deploy-a-Sentry 4830 | -9/Exiles | Found Deploy-a-Sentry 4865 | -9/Exiles | Warned to stay clear of 0b10 Research branches 4915 | -9/Exiles | Met EX-DEC 4928 | -9/Exiles | Learned location of Zion (-6) 5173 | -9/Exiles | Discovered new exit (range 14) 5192 | -9/Exiles | Left Exiles lab with Deploy-a-Sentry 5192 | -9/Exiles | Entered Mines 5192 | -8/Mines | Discovered new exit (range 14) 5611 | -8/Mines | Discovered new exit (range 11) 5644 | -8/Mines | Core integrity fell below 20% 5671 | -8/Mines | Lost 4 parts (1p1n2w) 6119 | -8/Mines | Entered Materials 6119 | -8/Materials | Evolved 2 slots: Utility x2 6121 | -8/Materials | Loaded intel: 16 trap records 6399 | -8/Materials | Discovered new exit (range 14) 6788 | -8/Materials | Discovered new exit (range 16) 6918 | -8/Materials | Garrison activated, responded to threat 7103 | -8/Materials | Identified exit to Garrison 7103 | -8/Materials | Entered Garrison 7115 | -8/Garrison | Triggered checkpoint 7215 | -8/Garrison | Triggered checkpoint 7361 | -8/Garrison | Triggered checkpoint 7416 | -8/Garrison | Destroyed 9 combat bots 7426 | -8/Garrison | Discovered new exit (range 15) 7618 | -8/Garrison | Discovered new exit (range 13) 7654 | -8/Garrison | Installed Relay Interface Framework 7708 | -8/Garrison | Triggered checkpoint 7778 | -8/Garrison | Garrison Relay disabled 7981 | -8/Garrison | Triggered checkpoint 8057 | -8/Garrison | Garrison Relay disabled 8178 | -8/Garrison | Triggered checkpoint 8380 | -8/Garrison | Build established: Bothacker-Mutant 8670 | -8/Garrison | Triggered checkpoint 8692 | -8/Garrison | Garrison Relay disabled 8870 | -8/Garrison | Entered Storage 8870 | -8/Storage | Accompanied by 8 allies 9015 | -8/Storage | Repaired Shock Bomb Launcher 9181 | -8/Storage | Identified exit to Garrison 9190 | -8/Storage | Entered Garrison 9365 | -8/Garrison | Lost 3 parts (1p2u) 9422 | -8/Garrison | Triggered checkpoint 9508 | -8/Garrison | Discovered new exit (range 8) 9534 | -8/Garrison | Expanded RIF knowledge: Structural Interface 9642 | -8/Garrison | Garrison Relay disabled 9738 | -8/Garrison | Triggered checkpoint 9917 | -8/Garrison | Triggered checkpoint 9959 | -8/Garrison | Triggered checkpoint 10162 | -8/Garrison | Discovered new exit (range 10) 10180 | -8/Garrison | Triggered checkpoint 10250 | -8/Garrison | Garrison Relay disabled 10416 | -8/Garrison | Discovered new exit (range 11) 10482 | -8/Garrison | Triggered checkpoint 10583 | -8/Garrison | Garrison Relay disabled 10622 | -8/Garrison | Triggered checkpoint 10626 | -8/Garrison | Garrison Relay disabled 10748 | -8/Garrison | Core integrity fell below 50% 10843 | -8/Garrison | Entered Recycling 10843 | -8/Recycling | Accompanied by 6 allies 10865 | -8/Recycling | Spotter reported a threat 10884 | -8/Recycling | Spotter reported a threat 10909 | -8/Recycling | Spotter reported a threat 10919 | -8/Recycling | Spotter reported a threat 10926 | -8/Recycling | Spotter reported a threat 10926 | -8/Recycling | Spotter reported a threat 10937 | -8/Recycling | Spotter reported a threat 10980 | -8/Recycling | Spotter reported a threat 10980 | -8/Recycling | Spotter reported a threat 10982 | -8/Recycling | Spotter reported a threat 10985 | -8/Recycling | Spotter reported a threat 11024 | -8/Recycling | Spotter reported a threat 11024 | -8/Recycling | Spotter reported a threat 11038 | -8/Recycling | Spotter reported a threat 11076 | -8/Recycling | Spotter reported a threat 11076 | -8/Recycling | Spotter reported a threat 11077 | -8/Recycling | Spotter reported a threat 11077 | -8/Recycling | Spotter reported a threat 11096 | -8/Recycling | Crushed by falling debris 11111 | -8/Recycling | Discovered new exit (range 15) 11129 | -8/Recycling | Spotter reported a threat 11129 | -8/Recycling | Spotter reported a threat 11130 | -8/Recycling | Spotter reported a threat 11149 | -8/Recycling | Spotter reported a threat 11182 | -8/Recycling | Spotter reported a threat 11183 | -8/Recycling | Spotter reported a threat 11235 | -8/Recycling | Spotter reported a threat 11236 | -8/Recycling | Spotter reported a threat 11263 | -8/Recycling | Entered Factory 11263 | -6/Factory | Accompanied by 1 ally 11263 | -6/Factory | Evolved 4 slots: Utility x4 11263 | -6/Factory | Self-destructed Last Messages --------------- 11096_ System corrupted by crushing effect (+1). 11106_ System corrupted: Energy discharge (-22). 11107_ U-05 Engineer builds a Wall. 11111_ EXIT=FOUND 11123_ Sneak attack on R-06 Scavenger. 11123_ R-06 Scavenger destroyed. 11126_ Acquired 25 matter. 11129_ ALERT: Unidentified potential threat approaching Factory. 11136_ U-05 Engineer builds a Wall. 11149_ ALERT: Unidentified potential threat approaching Factory. 11168_ R-06 Scavenger collects Hover Unit. 11169_ ALERT: Threat analysis in progress, dispatching additional drones. 11171_ R-06 Scavenger collects Adv. Visual Processing Unit. 11182_ ALERT: Unidentified potential threat approaching Factory. 11220_ ALERT: Threat analysis in progress, dispatching additional drones. 11235_ ALERT: Unidentified potential threat approaching Factory. PARAMETERS=UTILITY_4 LOCATION=UNKNOWN GOAL=ESCAPE 11263_ Receiving FarCom transmissions... Map ----- +----------------------------------------------------+ | ????????????????????????????????????????????????? | | ????????????????????????????????????????????????? | | ????????????????????????????????????????????????? | | ????????????????????????????????????????????????? | | ????????????????????????????????????????????????? | | ????????????????????????????????????????????????? | | ????????????????????????????????????????????????? | | ????????????????????????????????????????????????? | | ????????????????????????????????????????????????? | | ????????????????????????????????????????????????? | | ????????????????????????????????????????????????? | | ????????????????????????????????????????????????? | | ????????????????????????????????????????????????? | | ????????????????????????????????????????????????? | | ????????????????????????????????????????????????? | | ????????????????????????????????????????????????? | | ????????????????????????????????????????????????? | | ????????????????????????????????????????????????? | | ????????????????????????????????????????????????? | | ????????????????????????????????????????????????? | | ????????????????????????????????????????????????? | | ????????????????????????????????????????????????? | | ?????????????????????#######????????????????????? | | ?????????????????????# #????????????????????? | | ?????????????????????# g #????????????????????? | | ?????????????????????# @ #????????????????????? | | ?????????????????????+ #????????????????????? | | ?????????????????????# #????????????????????? | | ?????????????????????# #????????????????????? | | ?????????????????????# #????????????????????? | | ?????????????????????# #????????????????????? | | ?????????????????????# #????????????????????? | | ?????????????????????# ????????????????????? | | ?????????????????????# ????????????????????? | | ?????????????????????# ???????????????????? | | ?????????????????????# ???????????????????? | | ?????????????????????# ???????????????????? | | ?????????????????????#########??????????????????? | | ????????????????????????????????????????????????? | | ????????????????????????????????????????????????? | | ????????????????????????????????????????????????? | | ????????????????????????????????????????????????? | | ????????????????????????????????????????????????? | | ????????????????????????????????????????????????? | | ????????????????????????????????????????????????? | | ????????????????????????????????????????????????? | | ????????????????????????????????????????????????? | | ????????????????????????????????????????????????? | | ????????????????????????????????????????????????? | | ????????????????????????????????????????????????? | +----------------------------------------------------+ Best States ------------- Heat Dissipation 31 Energy Generation 14 Energy Capacity 265 Matter Stores 500 Matter Capacity 500 Sight Range 16 Terrain Scan Density 10 Armor Coverage 450 Evasion (%) 40 Recoil Reduction 2 Item Schematics ----------------- Lgt. Armor Plating | -9/Materials | Scanalyzed Mni. Grenade Launcher | -9/Materials | Scanalyzed Lrn. Sensor Array | -8/Materials | Scanalyzed Robot Schematics ------------------ None Fabricated ------------ Nothing Alien Tech Used ----------------- None Achievements -------------- None Challenges ------------ None Game ------ Seed ArmoredWeaponRifle Manual? 0 Play Time 01:12:11 Cumulative 226.3 hours Start 2019.12.06 @ 00:34:43 End 2019.12.07 @ 01:05:56 Sessions 3 Manual Loads 0 Difficulty Rogue Special Mode None Game No. 192 Rogue 182 Adventurer 10 Explorer 0 Win Type - Total 4 Types 3/0/0/1/0/0/0 Lore% 66 Gallery% 83 Achievement% 66 Wizard Run 0 Options --------- ASCII 0 Keyboard 1 Movement Numpad Keybinds 0 Fullscreen 2 Font 18/SmallcapsGlow Map View 76x50 Tactical HUD 1 Map Filters NONE Filters NONE Steam 1 RUN: d28e0162-a49d-4796-bc3c-5fe7dde59d8c